TOP OF THE 1ST |
Grim Reapers batting - Pitching for Alameda Airmen : RHP Carlos Rodríguez
|
Pitching: RHP Carlos Rodríguez
|
|
Batting: RHB Harlan Thompson
|
0-0: Ball 1-0: Foul Ball, location: 2F 1-1: Ball 2-1: Fly out, F9 (Flyball, 9LM)
|
Now in RF: Caleb Ogle
|
|
Batting: RHB Huai-yi Yang
|
0-0: Ball 1-0: Ball 2-0: SINGLE (Groundball, 34D)
|
Batting: RHB Scotty Glenn
|
0-0: SINGLE (Line Drive, 7S) Huai-yi Yang to second
|
Batting: RHB Juan Guzmán
|
0-0: Fly out, F7 (Flyball, 78D)
|
Batting: LHB Semo Hoaloha
|
0-0: Ball 1-0: Ball 2-0: Ball 3-0: Called Strike 3-1: DOUBLE (Line Drive, 7LD) Huai-yi Yang scores Scotty Glenn to third Runner from 3rd tries for Home, SAFE, no throw
|
Batting: RHB Bearooz Yacoobi
|
0-0: Called Strike 0-1: Ball 1-1: Fly out, F8 (Flyball, 8RD)
|
Top of the 1st over - 2 runs, 3 hits, 0 errors, 1 left on base; Grim 2 - Alameda 0 |
BOTTOM OF THE 1ST |
Alameda Airmen batting - Pitching for Grim Reapers : RHP Tom Scots
|
Pitching: RHP Tom Scots
|
|
Batting: RHB Gang Jing
|
0-0: Swinging Strike 0-1: Swinging Strike 0-2: Ball 1-2: Strikes out swinging
|
Batting: RHB Caleb Ogle
|
0-0: Ball 1-0: Foul Ball, location: 2F 1-1: Called Strike 1-2: SINGLE (Groundball, 56D)
|
Batting: LHB Senichi Ito
|
0-0: Foul Ball, location: 2F 0-1: Fly out, F3 (Popup, 3S)
|
Batting: RHB Jeromy Gride
|
0-0: Fielders Choice at 2nd, 5-4 (Groundball, 56)
|
Bottom of the 1st over - 0 runs, 1 hit, 0 errors, 1 left on base; Grim 2 - Alameda 0 |
TOP OF THE 2ND |
Grim Reapers batting - Pitching for Alameda Airmen : RHP Carlos Rodríguez
|
Batting: RHB Tso-i Wang
|
0-0: Ground out 3-1 (Groundball, 34S)
|
Batting: RHB Keohi Iese
|
0-0: Ball 1-0: Hit by Pitch
|
Batting: SHB Tekkan Hayagawa
|
0-0: Ball 1-0: Called Strike 1-1: Ball 2-1: Ball 3-1: Base on Balls Keohi Iese to second
|
Batting: RHB Harlan Thompson
|
0-0: Ball 1-0: Ball 2-0: Foul Ball, location: 2F 2-1: Foul Ball, location: 2F 2-2: Foul Ball, location: 2F 2-2: Strikes out swinging
|
Batting: RHB Huai-yi Yang
|
0-0: Ball 1-0: Called Strike 1-1: Ball 2-1: Swinging Strike 2-2: Foul Ball, location: 2F 2-2: Ball 3-2: Foul Ball, location: 2F 3-2: Base on Balls Keohi Iese to third Tekkan Hayagawa to second
|
Batting: RHB Scotty Glenn
|
0-0: Ball 1-0: Fly out, F8 (Flyball, 8RXD)
|
Top of the 2nd over - 0 runs, 0 hits, 0 errors, 3 left on base; Grim 2 - Alameda 0 |
BOTTOM OF THE 2ND |
Alameda Airmen batting - Pitching for Grim Reapers : RHP Tom Scots
|
Batting: RHB Lee Scrooby
|
0-0: Ball 1-0: Foul Ball, location: 2F 1-1: Called Strike 1-2: Ball 2-2: Ball 3-2: Strikes out swinging
|
Batting: RHB Gerwin Norman
|
0-0: SINGLE (Flyball, 8LS)
|
Batting: RHB George Hubbard
|
0-0: Called Strike 0-1: Foul Ball, location: 2F 0-2: Strikes out swinging
|
Batting: RHB Jovy Marcelo
|
0-0: Ball 1-0: Swinging Strike 1-1: Foul Ball, location: 2F 1-2: Ball 2-2: Fly out, F8 (Flyball, 8LS)
|
Bottom of the 2nd over - 0 runs, 1 hit, 0 errors, 1 left on base; Grim 2 - Alameda 0 |
TOP OF THE 3RD |
Grim Reapers batting - Pitching for Alameda Airmen : RHP Carlos Rodríguez
|
Batting: RHB Juan Guzmán
|
0-0: Called Strike 0-1: SINGLE (Groundball, 5D)
|
Batting: LHB Semo Hoaloha
|
0-0: Foul Ball, location: 2F 0-1: Ball 1-1: Fly out, F2 (Popup, 23F)
|
Batting: RHB Bearooz Yacoobi
|
0-0: Foul Ball, location: 2F 0-1: Fly out, F7 (Flyball, 7)
|
Batting: RHB Tso-i Wang
|
0-0: Reached on error, E6 (Groundball, 6) Juan Guzmán to second
|
Batting: RHB Keohi Iese
|
0-0: Ball 1-0: Ball 2-0: Foul Ball, location: 2F 2-1: Fielders Choice at 2nd, 6-4 (Groundball, 6)
|
Top of the 3rd over - 0 runs, 1 hit, 1 error, 2 left on base; Grim 2 - Alameda 0 |
BOTTOM OF THE 3RD |
Alameda Airmen batting - Pitching for Grim Reapers : RHP Tom Scots
|
Batting: RHB Lorenzo López
|
0-0: Ball 1-0: Foul Ball, location: 2F 1-1: Ball 2-1: Fly out, F4 (Flyball, 34D)
|
Batting: RHB Gang Jing
|
0-0: Ball 1-0: Swinging Strike 1-1: Called Strike 1-2: Strikes out swinging
|
Batting: RHB Caleb Ogle
|
0-0: Ball 1-0: Ball 2-0: SINGLE (Line Drive, 8LS)
|
Batting: LHB Senichi Ito
|
0-0: Ball 1-0: Called Strike 1-1: Foul Ball, location: 2F 1-2: Fly out, F8 (Flyball, 8RS)
|
Bottom of the 3rd over - 0 runs, 1 hit, 0 errors, 1 left on base; Grim 2 - Alameda 0 |
TOP OF THE 4TH |
Grim Reapers batting - Pitching for Alameda Airmen : RHP Carlos Rodríguez
|
Batting: SHB Tekkan Hayagawa
|
0-0: Foul Ball, location: 2F 0-1: Ball 1-1: Ball 2-1: Swinging Strike 2-2: Ball 3-2: Base on Balls
|
Batting: RHB Harlan Thompson
|
0-0: Ball 1-0: Called Strike 1-1: DOUBLE (Groundball, 5L) Tekkan Hayagawa to third
|
Batting: RHB Huai-yi Yang
|
0-0: Ball 1-0: Ball 2-0: SINGLE (Line Drive, 7LS) Tekkan Hayagawa scores Harlan Thompson to third
|
Batting: RHB Scotty Glenn
|
0-0: Called Strike 0-1: Ball 1-1: Ball Huai-yi Yang is caught stealing 2nd base 2-1: Ball 3-1: Ground out 3-1 (Groundball, 34S) Harlan Thompson scores
|
Batting: RHB Juan Guzmán
|
0-0: Called Strike 0-1: SINGLE (Line Drive, 3)
|
Batting: LHB Semo Hoaloha
|
0-0: SINGLE (Groundball, 56D) Juan Guzmán to second
|
Batting: RHB Bearooz Yacoobi
|
0-0: Ball 1-0: Called Strike 1-1: Foul Ball, location: 2F 1-2: Strikes out looking
|
Top of the 4th over - 2 runs, 4 hits, 0 errors, 2 left on base; Grim 4 - Alameda 0 |
BOTTOM OF THE 4TH |
Alameda Airmen batting - Pitching for Grim Reapers : RHP Tom Scots
|
Batting: RHB Jeromy Gride
|
0-0: Called Strike 0-1: Foul Ball, location: 2F 0-2: Ball 1-2: Fly out, F3 (Popup, 3SF)
|
Batting: RHB Lee Scrooby
|
0-0: Ball 1-0: Called Strike 1-1: Ground out 6-3 (Groundball, 6MD)
|
Batting: RHB Gerwin Norman
|
0-0: Foul Ball, location: 2F 0-1: Ball 1-1: Ball 2-1: Foul Ball, location: 2F 2-2: Strikes out swinging
|
Bottom of the 4th over - 0 runs, 0 hits, 0 errors, 0 left on base; Grim 4 - Alameda 0 |
TOP OF THE 5TH |
Grim Reapers batting - Pitching for Alameda Airmen : RHP Carlos Rodríguez
|
Batting: RHB Tso-i Wang
|
0-0: Ball 1-0: Foul Ball, location: 2F 1-1: Ball 2-1: Ball 3-1: Fly out, F7 (Flyball, 7D)
|
Batting: RHB Keohi Iese
|
0-0: Ball 1-0: Swinging Strike 1-1: Fly out, F1 (Line Drive, 13)
|
Batting: SHB Tekkan Hayagawa
|
0-0: Called Strike 0-1: SINGLE (Groundball, 4MD)
|
Batting: RHB Harlan Thompson
|
0-0: Ball 1-0: Called Strike 1-1: Foul Ball, location: 2F 1-2: Ball 2-2: Strikes out swinging
|
Top of the 5th over - 0 runs, 1 hit, 0 errors, 1 left on base; Grim 4 - Alameda 0 |
BOTTOM OF THE 5TH |
Alameda Airmen batting - Pitching for Grim Reapers : RHP Tom Scots
|
Batting: RHB George Hubbard
|
0-0: Swinging Strike 0-1: Ball 1-1: Ball 2-1: Fly out, F9 (Flyball, 89M)
|
Batting: RHB Jovy Marcelo
|
0-0: Called Strike 0-1: Ground out 6-3 (Groundball, 6)
|
Batting: RHB Lorenzo López
|
0-0: Called Strike 0-1: Foul Ball, location: 2F 0-2: Ball 1-2: Strikes out looking
|
Bottom of the 5th over - 0 runs, 0 hits, 0 errors, 0 left on base; Grim 4 - Alameda 0 |
TOP OF THE 6TH |
Grim Reapers batting - Pitching for Alameda Airmen : RHP Carlos Rodríguez
|
Pitching: RHP Reid Myers
|
|
Batting: RHB Huai-yi Yang
|
0-0: SINGLE (Line Drive, 8LS)
|
Batting: RHB Scotty Glenn
|
0-0: Called Strike Huai-yi Yang steals 2nd base 0-1: Swinging Strike 0-2: Strikes out looking
|
Batting: RHB Juan Guzmán
|
0-0: Ground out 4-3 (Groundball, 34) Huai-yi Yang to third
|
Batting: LHB Semo Hoaloha
|
0-0: Called Strike 0-1: Foul Ball, location: 2F 0-2: Ball 1-2: Foul Ball, location: 2F 1-2: Ball 2-2: Ball 3-2: Base on Balls
|
Batting: RHB Bearooz Yacoobi
|
0-0: SINGLE (Groundball, 5S) (infield hit) Huai-yi Yang scores Semo Hoaloha to second
|
Batting: RHB Tso-i Wang
|
0-0: Ball 1-0: Ball 2-0: Ball 3-0: Called Strike 3-1: SINGLE (Line Drive, 9S) Semo Hoaloha to third Bearooz Yacoobi to second Runner from 3rd tries for Home, SAFE, no throw
|
Batting: RHB Keohi Iese
|
0-0: Foul Ball, location: 2F 0-1: Foul Ball, location: 2F 0-2: Ball 1-2: Foul Ball, location: 2F 1-2: Ball 2-2: Ground out 4-3 (Groundball, 34)
|
Top of the 6th over - 2 runs, 3 hits, 0 errors, 2 left on base; Grim 6 - Alameda 0 |
BOTTOM OF THE 6TH |
Alameda Airmen batting - Pitching for Grim Reapers : RHP Tom Scots
|
Batting: RHB Gang Jing
|
0-0: Foul Ball, location: 2F 0-1: Ball 1-1: Foul Ball, location: 2F 1-2: Foul Ball, location: 2F 1-2: Ball 2-2: SINGLE (Flyball, 9LS)
|
Batting: RHB Caleb Ogle
|
0-0: Swinging Strike 0-1: Swinging Strike 0-2: Ball 1-2: Foul Ball, location: 2F 1-2: Strikes out swinging
|
Batting: LHB Senichi Ito
|
0-0: Ball 1-0: Fly out, F8 (Flyball, 8LM)
|
Batting: RHB Jeromy Gride
|
0-0: Called Strike 0-1: Fly out, F8 (Flyball, 8LM)
|
Bottom of the 6th over - 0 runs, 1 hit, 0 errors, 1 left on base; Grim 6 - Alameda 0 |
TOP OF THE 7TH |
Grim Reapers batting - Pitching for Alameda Airmen : RHP Reid Myers
|
Batting: SHB Tekkan Hayagawa
|
0-0: Ball 1-0: Ball 2-0: Ground out 4-3 (Groundball, 4)
|
Batting: RHB Harlan Thompson
|
0-0: Ball 1-0: Ball 2-0: Ball 3-0: Called Strike 3-1: Base on Balls
|
Batting: RHB Huai-yi Yang
|
0-0: Ball 1-0: Called Strike 1-1: Ball 2-1: Fly out, F7 (Flyball, 7)
|
Batting: RHB Scotty Glenn
|
0-0: Ball Harlan Thompson is caught stealing 2nd base
|
Top of the 7th over - 0 runs, 0 hits, 0 errors, 0 left on base; Grim 6 - Alameda 0 |
BOTTOM OF THE 7TH |
Alameda Airmen batting - Pitching for Grim Reapers : RHP Tom Scots
|
Batting: RHB Lee Scrooby
|
0-0: Ball 1-0: Hit by Pitch
|
Batting: RHB Gerwin Norman
|
0-0: Ball 1-0: Called Strike 1-1: Swinging Strike 1-2: Ball 2-2: Strikes out looking
|
Batting: RHB George Hubbard
|
0-0: Fly out, F6 (Popup, 6)
|
Batting: RHB Jovy Marcelo
|
0-0: Ball 1-0: Ball 2-0: Called Strike 2-1: Ball 3-1: Called Strike 3-2: Base on Balls Lee Scrooby to second
|
Pitching: RHP Finley Berose
|
|
Batting: RHB Lorenzo López
|
0-0: Foul Ball, location: 2F 0-1: Foul Ball, location: 2F 0-2: Ball 1-2: Ball 2-2: Fly out, F7 (Flyball, 7D)
|
Bottom of the 7th over - 0 runs, 0 hits, 0 errors, 2 left on base; Grim 6 - Alameda 0 |
TOP OF THE 8TH |
Grim Reapers batting - Pitching for Alameda Airmen : RHP Reid Myers
|
Batting: RHB Scotty Glenn
|
0-0: Called Strike 0-1: Ball 1-1: Ball 2-1: Ball 3-1: Called Strike 3-2: Foul Ball, location: 2F 3-2: Strikes out swinging
|
Batting: RHB Juan Guzmán
|
0-0: Called Strike 0-1: Called Strike 0-2: Ball 1-2: Foul Ball, location: 2F 1-2: Foul Ball, location: 2F 1-2: Foul Ball, location: 2F 1-2: Ball 2-2: Strikes out looking
|
Batting: LHB Semo Hoaloha
|
0-0: Fly out, F7 (Line Drive, 7)
|
Top of the 8th over - 0 runs, 0 hits, 0 errors, 0 left on base; Grim 6 - Alameda 0 |
BOTTOM OF THE 8TH |
Alameda Airmen batting - Pitching for Grim Reapers : RHP Finley Berose
|
Batting: RHB Gang Jing
|
0-0: Ball 1-0: Ball 2-0: Fly out, F8 (Flyball, 89D)
|
Batting: RHB Caleb Ogle
|
0-0: Ball 1-0: Called Strike 1-1: Ball 2-1: Swinging Strike 2-2: Ball 3-2: Strikes out swinging
|
Batting: LHB Senichi Ito
|
0-0: Ball 1-0: Ball 2-0: SINGLE (Groundball, 3D)
|
Batting: RHB Jeromy Gride
|
0-0: Fly out, F4 (Flyball, 3D)
|
Bottom of the 8th over - 0 runs, 1 hit, 0 errors, 1 left on base; Grim 6 - Alameda 0 |
TOP OF THE 9TH |
Grim Reapers batting - Pitching for Alameda Airmen : RHP Reid Myers
|
Pitching: RHP Justin Furneaux
|
|
Batting: RHB Bearooz Yacoobi
|
0-0: Ground out 4-3 (Groundball, 4)
|
Batting: RHB Tso-i Wang
|
0-0: Ball 1-0: Swinging Strike 1-1: Ball 2-1: Fly out, F8 (Line Drive, 8RM)
|
Batting: RHB Keohi Iese
|
0-0: Ball 1-0: Ball 2-0: Ball 3-0: Base on Balls
|
Batting: SHB Tekkan Hayagawa
|
0-0: Called Strike 0-1: Fly out, F1 (Line Drive, 13)
|
Top of the 9th over - 0 runs, 0 hits, 0 errors, 1 left on base; Grim 6 - Alameda 0 |
BOTTOM OF THE 9TH |
Alameda Airmen batting - Pitching for Grim Reapers : RHP Finley Berose
|
Batting: RHB Lee Scrooby
|
0-0: Ball 1-0: Called Strike 1-1: Called Strike 1-2: Ball 2-2: Foul Ball, location: 2F 2-2: Fly out, F5 (Popup, 5F)
|
Batting: RHB Gerwin Norman
|
0-0: Ball 1-0: Ball 2-0: Ball 3-0: Called Strike 3-1: Base on Balls
|
Batting: RHB George Hubbard
|
0-0: Called Strike 0-1: DOUBLE (Line Drive, 8LD) Gerwin Norman to third
|
Batting: RHB Jovy Marcelo
|
0-0: Called Strike 0-1: Ball 1-1: Ball 2-1: Ball 3-1: Base on Balls
|
Pitching: RHP Jerry Magee
|
|
Batting: RHB Lorenzo López
|
0-0: Ball 1-0: Swinging Strike 1-1: Ball 2-1: Foul Ball, location: 2F 2-2: Ball 3-2: Strikes out looking
|
Batting: RHB Gang Jing
|
0-0: Ball 1-0: Ball 2-0: Swinging Strike 2-1: Swinging Strike 2-2: Strikes out swinging
|
Bottom of the 9th over - 0 runs, 1 hit, 0 errors, 3 left on base; Grim 6 - Alameda 0 |
|